 Dungeon Crawl Stone Soup version 0.27.1-34-g3ba077fa99 (webtiles) character file.

Game seed: 1126161191304172193

30 Boytjie the Skirmisher (level 3, -1/33 HPs)
             Began as a Hill Orc Fighter on Jan 10, 2022.
             Succumbed to an adder's poison
             ... on level 2 of the Dungeon.
             The game lasted 00:02:08 (678 turns).

Boytjie the Skirmisher (Hill Orc Fighter)            Turns: 678, Time: 00:02:08

Health: -1/33      AC:  7    Str: 19    XL:     3   Next: 18%
Magic:  3/3        EV:  7    Int:  8    God:
Gold:   34         SH:  9    Dex: 10    Spells: 2/2 levels left

rFire    . . .     SeeInvis .   a - +0 long sword
rCold    . . .     Faith    .   c - +0 kite shield
rNeg     . . .     Spirit   .   b - +0 scale mail
rPois    .         Reflect  .   (no helmet)
rElec    .         Harm     .   (no cloak)
rCorr    .         Rampage  .   (no gloves)
Will     .....                  (no boots)
Stlth    ..........             (no amulet)
HPRegen  0.11/turn              (no ring)
MPRegen  0.08/turn              (no ring)

@: lethally poisoned (-1 -> -6)
A: no striking features
a: no special abilities


You were on level 2 of the Dungeon.
You visited 1 branch of the dungeon, and saw 2 of its levels.

You collected 34 gold pieces.

Inventory:

Hand Weapons
 a - a +0 long sword (weapon)
Armour
 b - a +0 scale mail (worn)
 c - a +0 kite shield (worn)
Jewellery
 i - a ring of ice
Scrolls
 h - a scroll of amnesia {unknown}
Potions
 d - a potion of might
 e - a potion of degeneration {unknown}
 f - a potion of resistance {unknown}
 g - a potion of ambrosia {unknown}


   Skills:
 + Level 4.0 Fighting
 + Level 2.5 Long Blades
 + Level 3.7 Armour
 + Level 0.1 Dodging
 + Level 0.4 Stealth
 + Level 3.5 Shields


You had 2 spell levels left.
You didn't know any spells.
Your spell library contained the following spells:

 Spells                   Type           Power      Damage    Failure   Level
 Animate Skeleton         Necr           0%         N/A       99%         1
 Apportation              Tloc           0%         N/A       99%         1
 Corona                   Hex            0%         N/A       99%         1
 Summon Small Mammal      Summ           0%         N/A       99%         1


Dungeon Overview and Level Annotations

Branches:
Dungeon (2/15)

Altars:

Shops:
D:1 [


Message History

You barely miss the adder.
You feel very sick. The adder barely misses you. You block the adder's attack.
The adder bites you but does no damage.
You miss the adder.
You feel sick. The adder bites you but does no damage.
You miss the adder.
You feel sick. You block the adder's attack. x2
You barely miss the adder.
You feel sick. The adder bites you but does no damage.
The adder barely misses you.
You closely miss the adder.
You feel sick.
You are no longer poisoned.
The adder closely misses you.
You riposte.
You closely miss the adder. The adder closely misses you.
You closely miss the adder. The adder bites you.
* * * LOW HITPOINT WARNING * * *
You block the adder's attack.
You slash the adder!
The adder is almost dead.
The adder bites you.
* * * LOW HITPOINT WARNING * * *
You are poisoned.
The adder poisons you! The adder bites you but does no damage.
You hit the adder but do no damage.
The adder is almost dead.
* * * LOW HITPOINT WARNING * * *
You feel sick.
The adder bites you but does no damage. x2
You miss the adder.
The adder is almost dead.
You feel sick. You block the adder's attack.
The adder bites you but does no damage.
You hit the adder but do no damage.
The adder is almost dead.
You feel sick.
You are no longer poisoned.
The adder bites you.
* * * LOW HITPOINT WARNING * * *
You are lethally poisoned!
The adder poisons you! The adder bites you but does no damage.
You closely miss the adder.
The adder is severely wounded.
You die...

######.# #.#
#...##.#########.#
...............>.#
....##..#####.##.#
.#####..#####.##.# ##
#..##.....#.#
######..##.....#.# #
........##.....#.###...#
...####.##.....#@S..<#
...# #.##.....#######
...# #.#####'##
...####.#####.#
...##.........#
...##.#.#######
#####.#.# #.#.#
##.#'#####


You could see an adder.

Vanquished Creatures
  2 worms (D:2)
  An endoplasm (D:1)
  2 hobgoblins
  3 jackals (D:1)
  2 kobolds (D:1)
  2 quokkas (D:1)
  5 ball pythons
  A bat (D:1)
  2 goblins
  3 rats
23 creatures vanquished.

Vanquished Creatures (others)
  3 plants (D:1)
3 creatures vanquished.

Grand Total: 26 creatures vanquished

Notes
Turn   | Place    | Note
-------+----------+-------------------------------------------
     0 | D:1      | Boytjie the Hill Orc Fighter began the quest for the Orb.
     0 | D:1      | Reached XP level 1. HP: 19/19 MP: 1/1
    65 | D:1      | Reached XP level 2. HP: 15/27 MP: 2/2
   286 | D:1      | Found Xaprerph's Armour Shop.
   473 | D:2      | Reached XP level 3. HP: 33/33 MP: 3/3
   563 | D:2      | Reached skill level 4 in Fighting
   677 | D:2      | HP: 1/33 [adder (1)]
   678 | D:2      | Succumbed to an adder's poison

Illustrated notes

Levels and vault maps discovered:
D:1:      eino_arrival_cavern_a, layout_rooms, serial_shops, shop, serial_bayou,
          serial_bayou_pond_e, serial_bayou_lagoon_a, serial_bayou_pond_c,
          serial_bayou_pond_c, st_stairs_13, minmay_misc_feat_iff,
          hangedman_glass_garden, serial_bayou_pond_b
D:2:      layout_basic, uniq_terence

Skill      XL: |  1  2  3 |
---------------+----------+-----
Fighting       | 4 |  4.0
Long Blades    | |  2.5
Armour         | |  3.7
Dodging        | |  0.1
Stealth        | |  0.4
Shields        | |  3.5

Action                   || total
-------------------------++-------
Melee: Long sword        ||    75
Armor: Scale mail        ||    58
Dodge: Dodged            ||    42
Block: Kite shield       ||    55
       Rpst.: Long sword ||     7
